 Dungeon Crawl Stone Soup version 0.31-a0-167-g1c394c0614 (webtiles) character file.

Game seed: 11930179578922978970

142 qw the Shooter (level 5, -2/32 HPs)
             Began as a Gargoyle Hunter on June 14, 2023.
             Slain by a gnoll
             ... wielding a +0 club
              (3 damage)
             ... on level 4 of the Dungeon.
             The game lasted 00:00:42 (1408 turns).

qw the Shooter (Gargoyle Hunter)                    Turns: 1408, Time: 00:00:42

Health: -2/32      AC:  9    Str: 15    XL:     5   Next: 25%
Magic:  5/5        EV: 11    Int:  9    God:
Gold:   65         SH:  0    Dex: 15    Spells: 4/4 levels left

rFire   . . .        Y - +0 shortbow
rCold   . . .        (shield currently unavailable)
rNeg    + . .        f - +0 ring mail
rPois   inf          (no helmet)
rElec   +            (no cloak)
rCorr   .            (no gloves)
SInv    .            (no boots)
Will    .....        (no amulet)
Stlth   +            (no ring)
HPRegen 0.25/turn    (no ring)
MPRegen 0.09/turn

%: no passive effects
@: no status effects
A: sickness immunity, AC +4, negative energy resistance 1, electricity
resistance, torment resistance 1, petrification resistance
a: no special abilities


You were on level 4 of the Dungeon.
You visited 1 branch of the dungeon, and saw 3 of its levels.

You collected 65 gold pieces.


Innate Abilities, Weirdness & Mutations

You are immune to sickness and miasma.
Your stone body is resilient. (AC +4)
You are immune to poison.
You resist negative energy. (rN+)
You are resistant to electric shocks. (rElec)
You are resistant to unholy torment.
You are immune to petrification.


   Skills:
 - Level 3.1 Fighting
 + Level 5.9 Ranged Weapons
 - Level 1.0 Armour
 - Level 1.5 Dodging
 - Level 1.1 Stealth


You had 4 spell levels left.
You didn't know any spells.
Your spell library was empty.

Inventory:

Hand Weapons
 Y - a +0 shortbow (weapon)
Armour
 f - a +0 ring mail (worn)
Scrolls
 a - a scroll of identify
Potions
 b - a potion of experience {unknown}
 c - a potion of brilliance {unknown}
 e - a potion of heal wounds {unknown}
 h - a potion of degeneration {unknown}

Dungeon Overview and Level Annotations

Branches:
Dungeon (4/15)
 Temple: D:4-7

Altars:


Message History

You shoot an arrow. The arrow hits the gnoll!
The gnoll is heavily wounded.
The gnoll misses you. The gnoll barely misses you.
The gnoll closely misses you.
You shoot an arrow. The arrow hits the gnoll!
You kill the gnoll!
The gnoll barely misses you. The gnoll hits you but does no damage.
You shoot an arrow. The arrow completely misses the gnoll.
The gnoll hits you with a +0 club. The gnoll hits you but does no damage.
You shoot an arrow. The arrow barely misses the gnoll.
The arrow completely misses the hobgoblin.
The gnoll barely misses you.
The gnoll splashes around in the water.
You shoot an arrow. The arrow barely misses the gnoll.
The arrow hits the hobgoblin!
You kill the hobgoblin!
The gnoll barely misses you. The gnoll closely misses you.
The gnoll hits you with a +0 club.
You shoot an arrow. The arrow hits the gnoll.
The gnoll is moderately wounded.
The gnoll hits you from afar with a +0 spear.
The gnoll hits you with a +0 club.
The gnoll hits you from afar with a +0 spear.
You shoot an arrow. The arrow hits the gnoll.
The gnoll is heavily wounded.
The gnoll hits you with a +0 club. The gnoll hits you but does no damage.
You shoot an arrow.
The arrow hits the gnoll but does no damage.
The gnoll is heavily wounded.
The gnoll hits you with a +0 club. The gnoll hits you but does no damage.
You shoot an arrow. The arrow barely misses the gnoll.
The gnoll barely misses you.
The gnoll splashes around in the water.
The gnoll hits you with a +0 club!
You shoot an arrow. The arrow barely misses the gnoll.
The gnoll hits you but does no damage. The gnoll barely misses you.
You shoot an arrow. The arrow completely misses the gnoll.
The gnoll splashes around in the water.
The gnoll completely misses you. The gnoll hits you but does no damage.
You shoot an arrow. The arrow hits the gnoll.
The gnoll is severely wounded.
The gnoll hits you with a +0 club.
You die...

#~~~.~~~#
#~~~.~~~#
+...8...+ ~~~.~~~
####### ~~$~~ .
#.....## ).g .
#......###g#
#.###.###...@#
###.###.###....#
...............#
...............#
...............#
.##..##.###..#..#
##..##.####+####
#............#
#............#


You could see 2 gnolls.

Vanquished Creatures
  5 gnolls
  3 adders (D:2)
  A worm (D:2)
  2 dart slugs
  3 ball pythons (D:1)
  4 bats
  6 endoplasms
  A giant cockroach (D:1)
  5 goblins
  5 hobgoblins
  9 jackals (D:1)
  2 quokkas
  A frilled lizard (D:1)
  5 kobolds
  5 rats
57 creatures vanquished.

Notes
Turn   | Place    | Note
-------+----------+-------------------------------------------
     0 | D:1      | qw the Gargoyle Hunter began the quest for the Orb.
     0 | D:1      | Reached XP level 1. HP: 12/12 MP: 1/1
     0 | D:1      | 0 ||| qw: Version: 0.2-a-29-g1fa15c8
     0 | D:1      | 0 ||| qw: Game counter: 5088
     0 | D:1      | 0 ||| qw: Always use a shield: true
     0 | D:1      | 0 ||| qw: God list: Okawaru
     0 | D:1      | 0 ||| qw: Allow faded altars: false
     0 | D:1      | 0 ||| qw: Do Orc after D:15 true
     0 | D:1      | 0 ||| qw: Do second Lair branch before Depths: true
     0 | D:1      | 0 ||| qw: Lair rune preference: random
     0 | D:1      | 0 ||| qw: Plans: Normal, Zot:1-4, Slime:5, God:TSO, Crypt,
                  | Tomb, Abyss, Pan, Hells, Win
     0 | D:1      | 0 ||| PLANNING D:1-11
    69 | D:1      | Reached XP level 2. HP: 17/17 MP: 2/2
   147 | D:1      | HP: 4/17 [hobgoblin (1)]
   275 | D:1      | Reached XP level 3. HP: 21/21 MP: 3/3
   281 | D:1      | Reached skill level 5 in Ranged Weapons
   766 | D:1      | 766 ||| UPGRADING to +0 ring mail.
   776 | D:1      | 776 ||| DROPPING +0 leather armour.
   777 | D:1      | 777 ||| READING 2 scrolls labelled POSSEJ WUCES.
   778 | D:1      | 778 ||| READING scroll labelled FUUJIR LURA.
   779 | D:1      | 779 ||| DROPPING scroll of butterflies.
   984 | D:2      | Reached skill level 1 in Armour
  1019 | D:2      | Reached skill level 3 in Fighting
  1019 | D:2      | Reached XP level 4. HP: 28/28 MP: 4/4
  1203 | D:2      | 1203 ||| FLEEEEING.
  1214 | D:2      | Reached XP level 5. HP: 14/32 MP: 5/5
  1369 | D:2      | You fall into a shaft and drop 2 floors!
  1370 | D:4      | 1370 ||| PLANNING SEWER
  1404 | D:4      | HP: 7/32 [gnoll/+0 club (6)]
  1405 | D:4      | HP: 1/32 [gnoll/+0 club (7)]
  1408 | D:4      | Slain by a gnoll

Levels and vault maps discovered:
D:1:      eino_arrival_druids_welcome, layout_basic, minmay_strange_pillars
D:2:      layout_loops_ring
D:4:      layout_gridville, nicolae_gozag_cash_rules_everything_around_me,
          minmay_temple_entry_grid, portal_sewer_entry_e, kennysheep_flooded_box

Skill      XL: |  1  2  3 |
---------------+----------+-----
Ranged Weapons | 5 |  5.9
Armour         | 1 |  1.0
Fighting       | 3 |  3.1
Dodging        | |  1.5
Stealth        | |  1.1

Action                     |  1- 3 |  4- 6 || total
---------------------------+-------+-------++-------
   Fire: Shortbow          |   146 |    51 ||   197
    Use: Scroll            |     2 |       ||     2
 Armour: Leather armour    |    10 |       ||    10
         Ring mail         |     3 |    17 ||    20
  Dodge: Dodged            |    27 |    25 ||    52

Table legend:
 A = Non-vault XP
 B = Vault XP
 C = Vault XP percentage of total XP
 D = Non-vault monster count
 E = Vault monster count
 F = Vault count percentage of total count
                 A         B        C        D         E       F
            +---------+---------+-------+---------+---------+-------
      Total |     204 |       0 |   0.0 |      57 |       0 |   0.0
            +---------+---------+-------+---------+---------+-------
        D:1 |      67 |       0 |   0.0 |      38 |       0 |   0.0
        D:2 |     105 |       0 |   0.0 |      16 |       0 |   0.0
        D:4 |      32 |       0 |   0.0 |       3 |       0 |   0.0
            +---------+---------+-------+---------+---------+-------
